 Dungeon Crawl Stone Soup version 0.30-a0-691-g754fce4c43 (webtiles) character file.

Game seed: 4755872761490085609

14 BigDaddyOpFi the Chiller (level 2, 0/11 HPs)
             Began as a Felid Ice Elementalist on Jan 19, 2023.
             Slain by an adder (2 damage)
             ... on level 2 of the Dungeon.
             The game lasted 00:01:22 (534 turns).

BigDaddyOpFi the Chiller (Felid Ice Elementalist)    Turns: 534, Time: 00:01:23

Health: 0/11       AC:  1    Str:  4    XL:     2   Next: 31%
Magic:  1/6        EV: 17    Int: 16    God:
Gold:   22         SH:  0    Dex: 16    Spells: 4/5 levels left
                                        Lives:  0   Deaths: 0

rFire   . . .      SeeInvis +    (weapon unavailable)
rCold   . . .      Faith    .    (shield unavailable)
rNeg    . . .      Spirit   .    (body armour unavailable)
rPois   .          Reflect  .    (helmet unavailable)
rElec   .          Harm     .    (cloak unavailable)
rCorr   .          Rampage  .    (gloves unavailable)
Will    .....                    (boots unavailable)
Stlth   ++                       (no amulet)
HPRegen 0.21/turn                (no ring)
MPRegen 0.10/turn                (no ring)

@: lethally poisoned (0 -> -4), quick
A: very small, claws 1, fangs 3, see invisible, speed 1, shaggy fur 1, stealthy
paws, no weapons or thrown items, no armour, multi-lived
a: no special abilities


You were on level 2 of the Dungeon.
You visited 1 branch of the dungeon, and saw 2 of its levels.

You collected 22 gold pieces.

Inventory:

Scrolls
 b - a scroll of identify {unknown}


   Skills:
 - Level 3.0 Dodging
 - Level 3.0 Stealth
 + Level 2.2 Spellcasting
 + Level 3.8 Ice Magic


You had 4 spell levels left.
You knew the following spells:

 Your Spells              Type           Power      Damage    Failure   Level
a - Freeze                Ice            56%        1d7       4%          1

Your spell library contained the following spells:

 Spells                   Type           Power      Damage    Failure   Level
 Frozen Ramparts          Ice            28%        1d5       13%         3
 Ozocubu's Armour         Ice            14%        N/A       13%         3
 Summon Ice Beast         Ice/Summ       7%         N/A       67%         4


Dungeon Overview and Level Annotations

Branches:
Dungeon (2/15)

Altars:


Innate Abilities, Weirdness & Mutations

You have sharp claws.
You have razor-sharp teeth.
You have supernaturally acute eyesight. (SInv)
You cover ground quickly. (Speed+)
You are covered in fur. (AC +1)
Your paws help you pounce on unaware monsters.
You are incapable of wielding weapons or throwing items.
You cannot wear armour.
You gain extra lives every three experience levels.


Message History

A rat is nearby!
A rat is nearby!
You can't see any susceptible monsters within range! (Use Z to cast anyway.)
You freeze the rat.
You kill the rat!
Magic restored.
Things that are here:
a +0 club; a stone; a kobold skeleton
Found a long sword.
You see here a +0 long sword.
A frilled lizard comes into view.
Found a scroll labelled DAIKEUVAOHA.
Found a stone staircase leading down.
You freeze the frilled lizard.
You kill the frilled lizard!
b - a scroll labelled DAIKEUVAOHA You now have 22 gold pieces (gained 15).
An adder comes into view.
An adder is nearby!
You can't see any susceptible monsters within range! (Use Z to cast anyway.)
The adder bites you.
You freeze the adder.
The adder is heavily wounded.
The adder misses you.
You miscast Freeze.
You are very lightly contaminated with residual magic.
Nothing appears to happen.
The adder misses you.
You miscast Freeze.
Nothing appears to happen.
The adder closely misses you.
You freeze the adder.
The adder is severely wounded.
The adder seems to slow down.
The adder misses you.
You freeze the adder.
The adder is severely wounded.
The adder seems to slow down.
The adder bites you.
You are lethally poisoned!
The adder poisons you!
It was a potion of cancellation.
You feel magically purged.
Your magical contamination has completely faded away.
* * * LOW HITPOINT WARNING * * *
You feel sick. The adder bites you.
You die...

### ..# #.# #.#
#S#### #@...#
#....#
###....########
#..............
#..........#
#.........)#
#......###.#
####.....# #.#
#........# #.#


You could see an adder (slow).

Vanquished Creatures
  2 endoplasms (D:2)
  A hobgoblin (D:1)
  4 jackals
  2 kobolds (D:2)
  2 frilled lizards
  2 rats (D:2)
13 creatures vanquished.

Notes
Turn   | Place    | Note
-------+----------+-------------------------------------------
     0 | D:1      | BigDaddyOpFi the Felid Ice Elementalist began the quest for
                  | the Orb.
     0 | D:1      | Reached XP level 1. HP: 7/7 MP: 4/4
   197 | D:2      | Reached XP level 2. HP: 11/11 MP: 1/6
   534 | D:2      | Slain by an adder

Illustrated notes

Levels and vault maps discovered:
D:1:      minmay_arrival_jagged, layout_rooms, chequers_ecumenical_altar_island,
          serial_shops, nicolae_shop_bloodbath_and_beyond
D:2:      layout_loops_ring, chequers_jeans, chequers_serial_rivers_large_a,
          uniq_natasha

Skill      XL: |  1 |
---------------+----+-----
Dodging        | 3 |  3.0
Stealth        | 3 |  3.0
Spellcasting   | |  2.2
Ice Magic      | |  3.8

Action                   || total
-------------------------++-------
Melee: Unarmed           ||     1
 Cast: Freeze            ||    26
  Use: Potion            ||     2
Armor: Skin              ||     2
Dodge: Dodged            ||    16

Table legend: (Time is in decaauts)
 A = Elapsed time spent in this place.
 B = Non-inter-level travel time spent in this place.
 C = Inter-level travel time spent in this place.
 D = Time resting spent in this place.
 E = Time spent auto-exploring this place.
 F = Levels seen in this place.
 G = Mean time per level.
                   A        B        C        D        E       F      G
               +--------+--------+--------+--------+--------+-----+--------+
         Total |    491 |    491 |      0 |    143 |    213 |   2 |  245.5 |
       Dungeon |    491 |    491 |      0 |    143 |    213 |   2 |  245.5 |
               +--------+--------+--------+--------+--------+-----+--------+

Top non-repeatable levels by time:
     D:2: 458 daAuts
     D:1: 33 daAuts
